 Dungeon Crawl Stone Soup version 0.31-a0-210-gccc998df9b (webtiles) character file.

Game seed: 8054108521407732524

438 vineage the Fighter (level 7, -2/63 HPs)
             Began as a Merfolk Fighter on June 30, 2023.
             Slain by a gnoll bouda
             ... wielding a +0 whip
              (8 damage)
             ... on level 4 of the Dungeon.
             The game lasted 00:03:01 (3190 turns).

vineage the Fighter (Merfolk Fighter)               Turns: 3190, Time: 00:03:02

Health: -2/63      AC:  6    Str: 18    XL:     7   Next: 1%
Magic:  7/7        EV:  9    Int:  8    God:
Gold:   250        SH:  5    Dex: 19    Spells: 6/6 levels left

rFire   . . .        a - +0 trident
rCold   . . .        c - +0 buckler
rNeg    . . .        b - +0 scale mail
rPois   .            (no helmet)
rElec   .            (no cloak)
rCorr   .            (no gloves)
SInv    .            (no boots)
Will    .....        (no amulet) Stlth
                     q - +6 ring of dexterity
HPRegen 0.30/turn    f - ring of flight
MPRegen 0.10/turn

%: no passive effects
@: weakened, flying
A: (nimble swimmer 2), mertail
a: no special abilities


You were on level 4 of the Dungeon.
You visited 1 branch of the dungeon, and saw 4 of its levels.

You collected 250 gold pieces.

Inventory:

Hand Weapons
 a - a +0 trident (weapon)
Missiles
 u - a throwing net
Armour
 b - a +0 scale mail (worn)
 c - a +0 buckler (worn)
Jewellery
 f - a ring of flight (right hand)
 i - a ring of magical power
 n - a ring of wizardry
 q - a +6 ring of dexterity (left hand)
 v - a ring of protection from cold
 y - a ring of positive energy
Scrolls
 e - a scroll of brand weapon {unknown}
 g - a scroll of amnesia
 j - 3 scrolls of immolation
 k - a scroll of fear {unknown}
 o - a scroll of revelation {unknown}
 s - 2 scrolls of identify
 t - a scroll of blinking {unknown}
 w - a scroll of teleportation
 z - a scroll of enchant weapon {unknown}
Potions
 d - 2 potions of might
 h - a potion of berserk rage {unknown}
 l - a potion of haste {unknown}
 m - a potion of resistance
 p - a potion of mutation {unknown}
 r - 4 potions of curing {unknown}
 x - a potion of brilliance {unknown}


   Skills:
 + Level 8.4 Fighting
 - Level 2.6 Polearms
 - Level 2.1 Armour
 - Level 3.0 Shields


You had 6 spell levels left.
You didn't know any spells.
Your spell library contained the following spells:

 Spells                   Type           Power      Damage    Failure   Level
 Lesser Beckoning         Tloc           0%         N/A       95%         2
 Static Discharge         Conj/Air       0%         2-2/arc   95%         2
 Sublimation of Blood     Necr           0%         N/A       95%         2
 Wereblood                Tmut           0%         N/A       95%         2
 Gell's Gravitas          Tloc           0%         N/A       99%         3
 Teleport Other           Tloc           0%         N/A       99%         3
 Airstrike                Air            0%         2d(0-16)  100%        4
 Olgreb's Toxic Radiance  Pois           0%         N/A       100%        4
 Summon Lightning Spire   Summ/Air       0%         N/A       100%        4
 Summon Hydra             Summ           0%         N/A       100%        7
 Discord                  Hex            0%         N/A       100%        8
 Ignition                 Fire           0%         3d3       100%        8


Dungeon Overview and Level Annotations

Branches:
Dungeon (4/15)
 Temple: D:4-7

Altars:
Elyvilon
Fedhas
Gozag
Sif Muna
Xom
Yredelemnul

Shops:
D:3 *


Innate Abilities, Weirdness & Mutations

((You are very nimble when in or above water. (Stealth+, EV+, Speed+++)))
Your lower body shifts to a powerful aquatic tail in water.


Message History

You are too injured to fight recklessly!
You puncture the dart slug!
The dart slug is severely wounded.
You block the dart slug's attack.
You hit the dart slug.
You kill the dart slug!
The hobgoblin hits you.
You puncture the hobgoblin!
You kill the hobgoblin!
You closely miss the gnoll bouda.
The gnoll bouda hits you with a +0 whip.
* * * LOW HITPOINT WARNING * * *
You hit the gnoll bouda.
The gnoll bouda is lightly wounded.
The gnoll bouda gazes fiercely through you!
You feel your attacks grow feeble.
The gnoll bouda hits you but does no damage.
You hit the gnoll bouda.
The gnoll bouda is moderately wounded.
The gnoll bouda hits you with a +0 whip.
* * * LOW HITPOINT WARNING * * *
You hit the gnoll bouda.
The gnoll bouda is heavily wounded.
You block the gnoll bouda's attack.
The gnoll bouda hits you with a +0 whip.
* * * LOW HITPOINT WARNING * * *
You hit the gnoll bouda but do no damage.
The gnoll bouda is heavily wounded.
The gnoll bouda gazes fiercely through you!
You feel as though you will be weak longer.
The gnoll bouda hits you with a +0 whip.
* * * LOW HITPOINT WARNING * * *
Okay, then.
You hit the gnoll bouda.
The gnoll bouda is severely wounded.
The gnoll bouda barely misses you.
You hit the gnoll bouda but do no damage.
The gnoll bouda is severely wounded.
The gnoll bouda hits you with a +0 whip!
You die...

.... . ##### .. #...#
..##...# .....+
################...##
#..g@....#.##......##
.......#######.#...........
......# #.#.##...#####
..>wh. #.#)##...# ...g.
#.#.###### ..... #.#.# ..).
#.#.#.# .... #[....#
###.###


You could see a gnoll bouda.

Vanquished Creatures
  An ice beast (D:3)
  A black bear (D:4)
  A scorpion (D:4)
  4 adders
  5 gnolls
  A shadow imp (D:4)
  4 worms
  4 dart slugs
  An orc (D:4)
  8 endoplasms
  A giant cockroach (D:3)
  7 goblins
  9 hobgoblins
  9 jackals
  2 quokkas
  6 ball pythons
  4 bats
  3 frilled lizards
  12 kobolds
  3 rats
  A spectral orc (D:3)
87 creatures vanquished.

Notes
Turn   | Place    | Note
-------+----------+-------------------------------------------
     0 | D:1      | vineage the Merfolk Fighter began the quest for the Orb.
     0 | D:1      | Reached XP level 1. HP: 18/18 MP: 1/1
    79 | D:1      | Reached XP level 2. HP: 25/25 MP: 2/2
    80 | D:1      | Reached skill level 4 in Fighting
   168 | D:1      | Reached XP level 3. HP: 29/31 MP: 3/3
   447 | D:1      | Reached skill level 5 in Fighting
   923 | D:2      | Reached XP level 4. HP: 37/39 MP: 4/4
  1033 | D:2      | Found a shimmering blue altar of Sif Muna.
  1545 | D:3      | Found a faded altar of an unknown god.
  1550 | D:3      | Found a shimmering altar of Xom.
  1733 | D:3      | Reached skill level 6 in Fighting
  1808 | D:3      | Noticed an ice beast
  1824 | D:3      | Reached XP level 5. HP: 17/46 MP: 5/5
  1833 | D:3      | Killed an ice beast
  1834 | D:3      | Reached skill level 7 in Fighting
  1834 | D:3      | Reached XP level 6. HP: 11/55 MP: 6/6
  2180 | D:3      | Found Gozag's Platinum Reserve.
  2187 | D:3      | Found an opulent altar of Gozag.
  2278 | D:3      | Found a basalt altar of Yredelemnul.
  2819 | D:4      | Found a white marble altar of Elyvilon.
  3108 | D:4      | Found a blossoming altar of Fedhas.
  3152 | D:4      | Noticed a black bear
  3179 | D:4      | Killed a black bear
  3180 | D:4      | Reached skill level 8 in Fighting
  3181 | D:4      | Reached XP level 7. HP: 21/63 MP: 7/7
  3190 | D:4      | Slain by a gnoll bouda

Illustrated notes

Levels and vault maps discovered:
D:1:      eino_arrival_cavern_d, layout_basic
D:2:      layout_loops_ring, basic_altar
D:3:      layout_basic, yredelemnul_forgotten_temple_becter,
          mainiacjoe_overflow_boulevard, nicolae_gozag_zags_fifth_avenue,
          basic_ecumenical_altar, minivault_19
D:4:      layout_basic, mainiacjoe_overflow_alcove_1, fedhas_altar_2,
          st_stairs_4

Skill      XL: |  1  2  3  4  5  6 |
---------------+-------------------+-----
Fighting       | 4 5 6 7 8 |  8.4
Polearms       | |  2.6
Armour         | |  2.1
Shields        | |  3.0

Action                     |  1- 3 |  4- 6 |  7- 9 || total
---------------------------+-------+-------+-------++-------
  Melee: Trident           |   121 |   178 |    10 ||   309
    Use: Scroll            |       |     5 |       ||     5
         Potion            |       |     3 |       ||     3
 Armour: Scale mail        |    51 |    72 |     1 ||   124
  Dodge: Dodged            |    53 |    80 |     1 ||   134
  Block: Buckler           |    27 |    45 |     2 ||    74

Table legend: (Time is in decaauts)
 A = Elapsed time spent in this place.
 B = Non-inter-level travel time spent in this place.
 C = Inter-level travel time spent in this place.
 D = Time resting spent in this place.
 E = Time spent auto-exploring this place.
 F = Levels seen in this place.
 G = Mean time per level.
                   A        B        C        D        E       F      G
               +--------+--------+--------+--------+--------+-----+--------+
         Total |   3251 |   3190 |     61 |    199 |   2377 |   4 |  812.8 |
       Dungeon |   3251 |   3190 |     61 |    199 |   2377 |   4 |  812.8 |
               +--------+--------+--------+--------+--------+-----+--------+

Top non-repeatable levels by time:
     D:3: 921 daAuts
     D:1: 841 daAuts
     D:4: 772 daAuts
     D:2: 716 daAuts
